 Dungeon Crawl Stone Soup version 0.28-a0-1389-gc726bef33b (webtiles) character file.

Game seed: 12943900235261585003

5224 Lekart the Skirmisher (level 10, -11/83 HPs)
             Began as a Green Draconian Chaos Knight on Jan 3, 2022.
             Was a Plaything of Xom.
             Mangled by an orc warrior (18 damage)
             ... in a bailey.
             The game lasted 00:29:14 (9452 turns).

Lekart the Skirmisher (DrCK)                        Turns: 9452, Time: 00:29:15

Health: -11/83     AC: 12    Str: 14      XL:     10   Next: 35%
Magic:  25/25      EV: 13    Int: 17 (18) God:    Xom [*.....]
Gold:   334        SH:  5    Dex: 13      Spells: 9/18 levels left

rFire   . . .      SeeInvis .   n - +9 war axe "Xedogh" {vorpal, MP+9 Int+5}
rCold   + . .      Faith    .   e - +1 buckler
rNeg    . . .      Spirit   .   (armour unavailable)
rPois   +          Reflect  .   (helmet restricted)
rElec   .          Harm     .   f - +0 cloak
rCorr   .          Rampage  .   b - +2 pair of gloves
Will    +....                   q - +0 pair of boots
Stlth   ++........              o - amulet of regeneration
HPRegen 1.03/turn               g - ring of protection from cold
MPRegen 0.19/turn               m - ring of willpower

@: short of breath, flying, unable to read
A: breathe noxious fumes, AC +7, unfitting armour, poison resistance,
cold-blooded, big wings, stinger 1, clumsy 1, deterioration 1, sense
surroundings 1, screaming 1, inability to read while threatened
a: Breathe Noxious Fumes, Renounce Religion


You were in a bailey.
You worshipped Xom.
You were a special plaything of Xom.
You visited 2 branches of the dungeon, and saw 10 of its levels.
You also visited: Bailey.

You collected 334 gold pieces.

Inventory:

Hand Weapons
 a - a +0 hand axe of chaos
 l - a +5 spear of flaming
 n - the +9 war axe "Xedogh" (weapon) {vorpal, MP+9 Int+5}
   (You found it on level 8 of the Dungeon)

   It inflicts extra damage upon your enemies.
   Int:       It affects your intelligence (+5).
   MP:        It affects your magic capacity (+9).
Missiles
 s - a throwing net
Armour
 b - a +2 pair of gloves (worn)
 e - a +1 buckler (worn)
 f - a +0 cloak (worn)
 p - an orb of mayhem
 q - a +0 pair of boots (worn)
Magical Staves
 u - a staff of earth
Jewellery
 g - a ring of protection from cold (left hand)
 j - a ring of flight
 k - an amulet of reflection
 m - a ring of willpower (right hand)
 o - an amulet of regeneration (around neck)
 r - an amulet of faith
Wands
 c - a wand of polymorph (9) (quivered)
Scrolls
 i - 3 scrolls of fog
 C - a scroll of enchant armour
Potions
 d - 2 potions of curing
 h - a potion of berserk rage
 t - a potion of brilliance
 v - a potion of heal wounds {unknown}
 w - a potion of magic {unknown}
 x - a potion of resistance
 z - a potion of haste
 A - a potion of invisibility {unknown}
 B - a potion of might {unknown}


   Skills:
 + Level 6.2 Fighting
 + Level 5.5(6.6) Axes
 + Level 5.7(6.8) Polearms
 + Level 5.2 Throwing
 + Level 4.8 Dodging
 + Level 2.8 Stealth
 + Level 2.1 Shields
 * Level 4.5 Spellcasting
 * Level 5.3 Transmutations
 + Level 4.0 Earth Magic
 + Level 2.3 Evocations


You had 9 spell levels left.
You knew the following spells:

 Your Spells              Type           Power      Damage    Failure   Level
a - Passwall              Tmut/Erth      15%        N/A       4%          2
b - Dragon Form           Tmut           10%        N/A       100%        7

Your spell library contained the following spells:

 Spells                   Type           Power      Damage    Failure   Level
 Magic Dart               Conj           12%        1d3       19%         1
 Searing Ray              Conj           6%         2d4       28%         2
 Static Discharge         Conj/Air       3%         N/A       28%         2
 Ignite Poison            Fire/Tmut/Pois 9%         N/A       28%         3
 Mephitic Cloud           Conj/Pois/Air  3%         N/A       50%         3
 Swiftness                Air            3%         N/A       50%         3
 Blade Hands              Tmut           10%        N/A       52%         5
 Irradiate                Conj/Tmut      6%         3d16      87%         5
 Dispel Undead            Necr           3%         3d7       88%         4
 Fulminant Prism          Conj/Hex       1%         3d6       88%         4
 Sticky Flame             Conj/Fire      3%         2d3       88%         4
 Freezing Cloud           Conj/Ice/Air   1%         6-21      99%         5


Dungeon Overview and Level Annotations

Branches:
Dungeon (9/15)             Temple (1/1) D:4          Bailey (1/1)
   Lair: D:8-11         Orc: D:9-12

Altars:
Ashenzari
Cheibriados
Dithmenos
Elyvilon
Fedhas
Hepliaklqana
Makhleb
Nemelex Xobeh
Okawaru
Qazlal
Ru
Sif Muna
Trog
Uskayaw
Vehumet
Xom
Yredelemnul
Zin
The Shining One

Annotations:
D:4 exclusion: 2 downstairs
D:6 exclusion: downstairs


Innate Abilities, Weirdness & Mutations

You can breathe blasts of noxious fumes.
Your lurid green scales are hard. (AC +7)
You cannot fit into any form of body armour.
Your system is resistant to poisons. (rPois)
You are cold-blooded and may be slowed by cold attacks.
Your large and strong wings let you fly.
Your tail ends in a venomous barb.
You are clumsy. (Dex -2)
Your body sometimes deteriorates upon taking damage.
You passively map a small area around you.
You occasionally shout uncontrollably at your foes.
You sometimes lose the ability to read scrolls when taking damage.


Message History

Okay, then.
Found 82 gold pieces, a book of Touch and an ancient fustibalus.
The orc warlord hits you from afar with a +0 halberd!
* * * LOW HITPOINT WARNING * * *
Your body deteriorates!
You feel dopey.
Aiming: Breathe Noxious Fumes (3% risk of failure)
Press: ? - help, Shift-Dir - straight line, f - goblin
Aim: a goblin, wielding a +0 hand axe and wearing a +0 leather armour You exhale a blast of noxious fumes.
The blast of choking fumes misses the goblin.
The blast of choking fumes misses the orc warlord.
The orc warrior hits you with a +0 war axe.
* * * LOW HITPOINT WARNING * * *
You block the gnoll's attack.
The orc warlord is engulfed in noxious fumes.
You block the orc warlord's attack.
The goblin is engulfed in noxious fumes.
The goblin appears confused.
The goblin hits the orc warrior but does no damage.
The goblin barely misses you.
You feel better.
The orc warrior hits you with a +0 war axe.
* * * LOW HITPOINT WARNING * * *
The gnoll hits you with a +0 hand axe.
* * * LOW HITPOINT WARNING * * *
The goblin gestures wildly.
The orc warlord is engulfed in noxious fumes.
The orc warlord hits you from afar with a +0 halberd!
* * * LOW HITPOINT WARNING * * *
The goblin is engulfed in noxious fumes.
The goblin appears confused.
The goblin closely misses the gnoll.
You block the goblin's attack.
Xom thinks this is hilarious!
The goblin hits itself but does no damage.
Found 64 gold pieces and a potion of experience.
The orc warlord is engulfed in noxious fumes.
You cannot read scrolls in your current state!
The orc warrior hits you with a +0 war axe!!
You die...
Xom is highly amused!

#.....))##.......##.......##
.........#.......#.........#
.........##88.88##.........##
....⌠.....###'###.....⌠.....#
.........###...###.........##
.........#.......#.........#
#.......##°○°.ggo##.......##
#.......#.....oo..#.......#
##.))..##.......@.##..)))##
##)####...........####)##
##.))..##.........##.....##
#.......#.........#.......#
#.......##.......##.......##
........o#)$$$$$:#.........#
.........##$$!$$##.........##
....⌠.)...#######.....⌠.....#
.........##.....##.........##


You could see an orc warlord, 2 orc warriors, a gnoll and a goblin (confused).

Vanquished Creatures
  A two-headed ogre (D:8)
  Maurice (D:8)
  3 wyverns
  A fire bat (Bailey)
  A water moccasin (D:5)
  8 orc warriors
  2 sky beasts
  2 black bears
  2 ice beasts (D:6)
  A wolf (D:8)
  A centaur (D:5)
  2 ogres
  2 phantoms (D:6)
  3 bullfrogs
  2 gnoll sergeants
  A water moccasin zombie (D:5)
  A wyvern zombie (D:6)
  A water moccasin skeleton (D:6)
  5 killer bees (D:9)
  2 howler monkeys
  2 centaur zombies (D:6)
  A hound (D:5)
  A jelly (D:5)
  An orc priest (D:8)
  3 iguanas
  3 orc wizards
  A hound skeleton (D:5)
  A howler monkey zombie (D:9)
  2 howler monkey skeletons
  21 gnolls
  3 adders
  3 dart slugs
  13 orcs
  7 endoplasms
  3 giant cockroaches
  11 goblins
  16 hobgoblins
  4 jackals (D:1)
  2 quokkas (D:2)
  6 ball pythons
  10 bats
  4 frilled lizards
  12 kobolds
  7 rats
179 creatures vanquished.

Vanquished Creatures (collateral kills)
  Grum (D:8)
  An orc warrior (D:5)
  A scorpion (D:7)
  3 howler monkeys
  A hound (D:5)
  A jelly (D:7)
  An orc wizard (D:5)
  2 gnolls
  2 orcs
  5 goblins
  4 kobolds (D:9)
22 creatures vanquished.

Vanquished Creatures (others)
  A wolf (D:8)
1 creature vanquished.

Grand Total: 202 creatures vanquished

Notes
Turn   | Place    | Note
-------+----------+-------------------------------------------
     0 | D:1      | Lekart the Draconian Chaos Knight began the quest for the
                  | Orb.
     0 | D:1      | Reached XP level 1. HP: 19/19 MP: 1/1
     3 | D:1      | You fall into a shaft and drop 1 floor!
    29 | D:2      | Reached XP level 2. HP: 12/26 MP: 2/2
   424 | D:2      | Reached XP level 3. HP: 33/33 MP: 3/3
   520 | D:2      | XOM: 1-stop teleportation journey
   811 | D:2      | XOM: silly message
  1318 | D:3      | XOM: noise
  1322 | D:3      | XOM: noise
  1408 | D:2      | XOM is BORED!
  1718 | D:1      | Reached skill level 4 in Fighting
  1748 | D:1      | Reached XP level 4. HP: 40/40 MP: 4/4
  1895 | D:1      | XOM: 11-stop teleportation journey
  2062 | D:1      | Reached skill level 1 in Throwing
  3115 | D:3      | XOM: give mutations
  3115 | D:3      | Gained mutation: You sometimes lose the ability to read
                  | scrolls when taking damage. [Xom's mischief]
  3115 | D:3      | Gained mutation: You are clumsy. (Dex -2) [Xom's mischief]
  3115 | D:3      | Gained mutation: You occasionally shout uncontrollably at
                  | your foes. [Xom's mischief]
  3195 | D:3      | XOM: summons 3 hostile demons
  3206 | D:3      | XOM: stat loss: -1 Dex (9/10)
  3306 | D:4      | Found a glowing golden altar of the Shining One.
  3352 | D:4      | Reached XP level 5. HP: 46/46 MP: 5/5
  3360 | D:4      | Found a staircase to the Ecumenical Temple.
  3368 | Temple   | Entered the Ecumenical Temple
  3621 | D:4      | XOM: summons 2 hostile shadow creatures
  3716 | D:4      | Learned a level 2 spell: Passwall
  4157 | D:5      | Entered Level 5 of the Dungeon
  4157 | D:5      | Noticed an orc warrior
  4158 | D:5      | XOM: confusion (+ monsters)
  4196 | D:5      | Noticed a water moccasin
  4197 | D:5      | Noticed a black bear
  4280 | D:5      | XOM: fake destruction
  4290 | D:5      | Killed a black bear
  4298 | D:5      | Reached skill level 1 in Spellcasting
  4298 | D:5      | Reached skill level 1 in Transmutations
  4298 | D:5      | Reached skill level 1 in Earth Magic
  4298 | D:5      | Reached XP level 6. HP: 29/52 MP: 5/7
  4471 | D:6      | Reached skill level 1 in Stealth
  4547 | D:6      | Reached skill level 1 in Polearms
  4683 | D:6      | XOM: torment (23/52 hp)
  4882 | D:6      | XOM: 1-stop teleportation journey
  4946 | D:6      | Your scales start taking on a lurid green colour.
  4946 | D:6      | Reached XP level 7. HP: 55/59 MP: 9/9
  4946 | D:6      | Gained mutation: Your system is resistant to poisons.
                  | (rPois) [Green Draconian growth]
  4959 | D:6      | XOM: 2-stop teleportation journey
  4979 | D:6      | XOM: 2-stop teleportation journey
  5111 | D:6      | XOM: confusion
  5181 | D:6      | XOM: 2-stop teleportation journey
  5496 | D:5      | XOM: give mutations
  5496 | D:5      | Gained mutation: Your tail ends in a venomous barb. [Xom's
                  | grace]
  5496 | D:5      | Gained mutation: You passively map a small area around you.
                  | [Xom's grace]
  5496 | D:5      | Gained mutation: Your large and strong wings let you fly.
                  | [Xom's grace]
  5666 | D:5      | XOM: scenery: create altars
  5738 | D:5      | Reached XP level 8. HP: 37/67 MP: 11/11
  6140 | D:5      | Found a white marble altar of Elyvilon.
  6228 | D:5      | XOM: 3-stop teleportation journey
  6446 | D:5      | XOM: divination: detect items
  6502 | D:5      | XOM: god gift: book of Transfigurations
  6512 | D:5      | Learned a level 7 spell: Dragon Form
  6550 | D:5      | XOM: scenery: create altars
  6553 | D:5      | Found a basalt altar of Yredelemnul.
  6689 | D:6      | Reached skill level 1 in Evocations
  6732 | D:6      | XOM: scenery: summon butterflies
  6992 | D:6      | XOM: scenery: 1 doors close
  7080 | D:6      | XOM: divination: detect creatures
  7192 | D:6      | XOM: cloud trail
  7274 | D:6      | XOM: scenery: create altars
  7482 | D:8      | Reached XP level 9. HP: 17/73 MP: 13/13
  7632 | D:8      | XOM: 1-stop teleportation journey
  7646 | D:8      | XOM: 2-stop teleportation journey
  7656 | D:8      | Reached skill level 5 in Fighting
  7779 | D:8      | Noticed a two-headed ogre
  7797 | D:8      | Killed a two-headed ogre
  7798 | D:8      | Reached skill level 5 in Polearms
  7798 | D:8      | Reached skill level 5 in Throwing
  7798 | D:8      | Reached skill level 1 in Shields
  7818 | D:8      | XOM: god gift: pair of gloves {god gift}
  7866 | D:8      | XOM: divination: detect creatures
  7948 | D:8      | XOM: divination: detect items
  7949 | D:8      | Noticed Grum
  7951 | D:8      | XOM: noise
  7966 | D:8      | XOM: summons 9 friendly demons
  7975 | D:8      | Killed Grum
  7985 | D:8      | Identified the +9 war axe "Xedogh" {vorpal, MP+9 Int+5}
  7986 | D:8      | XOM: 4-stop teleportation journey
  8062 | D:8      | Noticed Maurice
  8494 | D:8      | XOM: 2-stop teleportation journey
  8581 | D:8      | Killed Maurice
  8693 | D:8      | XOM: god gift: thick bone amulet {god gift}
  8850 | D:9      | Reached XP level 10. HP: 62/83 MP: 16/16
  8944 | D:9      | Reached skill level 6 in Fighting
  8945 | D:9      | Found a flagged portal.
  8949 | D:9      | Reached skill level 5 in Transmutations
  8956 | Bailey   | Entered a bailey
  9086 | Bailey   | XOM: god gift: staff of earth
  9103 | Bailey   | XOM: give mutations
  9103 | Bailey   | Gained mutation: Your body sometimes deteriorates upon
                  | taking damage. [Xom's mischief]
  9153 | Bailey   | XOM: summons 10 friendly demons
  9167 | Bailey   | Reached skill level 5 in Axes
  9226 | Bailey   | Noticed an orc knight
  9236 | Bailey   | an orc knight changed into a fire bat
  9273 | Bailey   | XOM: blink monster(s)
  9281 | Bailey   | XOM: divination: detect creatures
  9433 | Bailey   | XOM: scenery: 1 fountains blood, 1 doors open
  9442 | Bailey   | Noticed an orc warlord
  9446 | Bailey   | XOM: swap monsters
  9452 | Bailey   | Mangled by an orc warrior

Illustrated notes

Levels and vault maps discovered:
D:1:      scummos_arrival_checkerplants, layout_basic, st_stairs_7
D:2:      layout_basic
D:3:      layout_loops_ring
D:4:      layout_basic, nicolae_overflow_crystal_walls,
          minmay_temple_entry_sparse_star
D:5:      layout_cave_pools, kennysheep_ying_yang
D:6:      layout_basic, serial_rivers, chequers_serial_rivers_micro_a,
          chequers_serial_rivers_small_b, chequers_serial_rivers_micro_b,
          chequers_serial_rivers_room_a, grunt_decor_clamped
D:7:      layout_rooms, jmf_multi_god_temple2, uniq_crazy_yiuf_cottage
D:8:      layout_cave_pods, uniq_maurice, uniq_grum
D:9:      layout_roguey, enter_bailey_3
Temple:   nicolae_temple_x_marks_the_god
Bailey:   bailey_axe_minmay_hex_keep, bailey

Skill      XL: |  1  2  3  4  5  6  7  8  9 10 |
---------------+-------------------------------+-----
Fighting       | 4 5 6 |  6.2
Axes           | 4 5 |  5.5
Throwing       | 2 3 4 5 |  5.2
Dodging        | 3 4 |  4.8
Spellcasting   | 1 2 3 4 |  4.5
Transmutations | 1 2 3 4 5 |  5.3
Earth Magic    | 1 2 3 4 |  4.0
Stealth        | 1 2 |  2.8
Polearms       | 1 3 4 5 |  5.7
Evocations     | 2 |  2.3
Shields        | 2 |  2.1

Action                   |  1- 3 |  4- 6 |  7- 9 | 10-12 || total
-------------------------+-------+-------+-------+-------++-------
Melee: Hand axe          |    81 |    21 |       |       ||   102
       Tailslap          |     5 |    10 |    20 |     6 ||    41
       Spear             |       |    67 |   148 |       ||   215
       War axe           |       |       |    27 |    91 ||   118
Throw: Javelin           |    11 |     6 |     8 |       ||    25
       Boomerang         |    33 |    91 |    45 |       ||   169
 Abil: Breathe Noxious F |       |       |    12 |     3 ||    15
Evoke: Wand              |       |       |    12 |     2 ||    14
  Use: Scroll            |     2 |     5 |     6 |     2 ||    15
       Potion            |     1 |     3 |     2 |     1 ||     7
 Stab: Sleeping          |     1 |       |       |       ||     1
       Confused          |       |       |     5 |     2 ||     7
Armor: Skin              |    27 |    49 |    45 |    30 ||   151
Dodge: Dodged            |    74 |    99 |    77 |    64 ||   314
Block: Other             |       |       |     6 |       ||     6
       Buckler           |       |       |    35 |    17 ||    52
       Reflection        |       |       |     2 |       ||     2

Table legend: (Time is in decaauts)
 A = Elapsed time spent in this place.
 B = Non-inter-level travel time spent in this place.
 C = Inter-level travel time spent in this place.
 D = Time resting spent in this place.
 E = Time spent auto-exploring this place.
 F = Levels seen in this place.
 G = Mean time per level.
                   A        B        C        D        E       F      G
               +--------+--------+--------+--------+--------+-----+--------+
         Total |   9520 |   9112 |    408 |   2473 |   4278 |  11 |  865.5 |
       Dungeon |   8950 |   8542 |    408 |   2283 |   4232 |   9 |  994.4 |
        Temple |     58 |     58 |      0 |      0 |     46 |   1 |   58.0 |
        Bailey |    511 |    511 |      0 |    190 |      0 |   1 |  511.0 |
               +--------+--------+--------+--------+--------+-----+--------+

Top non-repeatable levels by time:
     D:6: 1673 daAuts
     D:5: 1501 daAuts
     D:2: 1414 daAuts
     D:8: 1316 daAuts
     D:3: 963 daAuts
     D:4: 952 daAuts
     D:1: 886 daAuts
  Bailey: 511 daAuts
     D:9: 179 daAuts
     D:7: 62 daAuts
  Temple: 58 daAuts
